 Dungeon Crawl Stone Soup version 0.30.1-11-g7821555f0a (webtiles) character file.

Game seed: 17007359105561177414

4876 Peloso the Carver (level 10, -4/88 HPs)
             Began as a Minotaur Fighter on Nov 23, 2023.
             Slain by a boulder beetle (17 damage)
             ... on level 7 of the Dungeon.
             The game lasted 00:12:54 (6448 turns).

Peloso the Carver (Minotaur Fighter)                Turns: 6448, Time: 00:12:55

Health: -4/88      AC: 10    Str: 21    XL:     10   Next: 26%
Magic:  9/9        EV: 15    Int:  3    God:
Gold:   277        SH: 17    Dex: 20    Spells: 9/9 levels left

rFire   + + +        a - +1 long sword
rCold   . . .        d - +0 kite shield
rNeg    . . .        F - +3 ring mail of Nomy Vus {rF+++ Will++ Regen+ Int-2}
rPois   .            (helmet restricted)
rElec   .            (no cloak)
rCorr   .            (no gloves)
SInv    .            (no boots)
Will    ++...        i - amulet of reflection
Stlth   +            s - +5 ring of evasion
HPRegen 1.14/turn    y - +6 ring of dexterity
MPRegen 0.11/turn

%: reflection
@: no status effects
A: horns 2, retaliatory headbutt
a: no special abilities


You were on level 7 of the Dungeon.
You visited 1 branch of the dungeon, and saw 7 of its levels.
You also visited: Sewer.

You collected 277 gold pieces.

Inventory:

Hand Weapons
 a - a +1 long sword (weapon)
Missiles
 E - a throwing net (quivered)
Armour
 b - a +0 scale mail
 c - a +1 plate armour
 d - a +0 kite shield (worn)
 F - the +3 ring mail of Nomy Vus (worn) {rF+++ Will++ Regen+ Int-2}
   (You found it on level 7 of the Dungeon)

   Int:       It affects your intelligence (-2).
   rF:        It renders you almost immune to fire.
   Regen:     It increases your rate of health regeneration.
   Will:      It greatly increases your willpower.
Jewellery
 e - a ring of magical power
 i - an amulet of reflection (around neck)
 s - a +5 ring of evasion (left hand)
 y - a +6 ring of dexterity (right hand)
Wands
 q - a wand of polymorph (10)
Scrolls
 g - a scroll of fog {unknown}
 h - 2 scrolls of enchant weapon
 k - a scroll of torment {unknown}
 l - 3 scrolls of teleportation
 m - 2 scrolls of enchant armour
 n - 2 scrolls of acquirement {unknown}
 o - a scroll of fear {unknown}
 r - a scroll of immolation {unknown}
 t - a scroll of silence {unknown}
 v - a scroll of magic mapping {unknown}
 w - a scroll of blinking {unknown}
 C - a scroll of amnesia {unknown}
Potions
 f - a potion of flight
 j - a potion of invisibility
 p - 2 potions of heal wounds
 u - a potion of cancellation
 x - a potion of haste
 z - a potion of brilliance
 A - a potion of ambrosia {unknown}
 B - 5 potions of curing {unknown}
Miscellaneous
 D - a lightning rod (3/4)
 G - a piece from Xom's chessboard (15/15)


   Skills:
 + Level 8.1 Fighting
 + Level 12.0 Long Blades
 + Level 9.0 Armour
 + Level 0.6 Dodging
 + Level 0.3 Stealth
 + Level 8.9 Shields
 + Level 1.0 Evocations


You had 9 spell levels left.
You didn't know any spells.
Your spell library contained the following spells:

 Spells                   Type           Power      Damage    Failure   Level
 Gell's Gravitas          Tloc           0%         N/A       99%         3
 Hailstorm                Conj/Ice       0%         3d3       99%         3
 Stone Arrow              Conj/Erth      0%         3d7       99%         3
 Teleport Other           Tloc           0%         N/A       99%         3
 Animate Armour           Summ/Erth      0%         N/A       100%        4
 Ice Form                 Ice/Tmut       0%         N/A       100%        4
 Dispersal                Tloc           0%         N/A       100%        6
 Simulacrum               Ice/Necr       0%         N/A       100%        6
 Lehudib's Crystal Spear  Conj/Erth      0%         10d2      100%        8


Dungeon Overview and Level Annotations

Branches:
Dungeon (7/15)              Sewer (visited)
 Temple: D:4-7

Altars:
Ashenzari
Gozag
Nemelex Xobeh
Xom

Shops:
D:6 (


Innate Abilities, Weirdness & Mutations

You have a pair of horns on your head.
You reflexively headbutt those who attack you in melee.


Message History

You hit the boulder beetle but do no damage.
The boulder beetle is severely wounded.
The hound barely misses you. You furiously retaliate!
You headbutt the hound! The boulder beetle barely misses you.
You furiously retaliate!
You headbutt the boulder beetle!
You hit the boulder beetle but do no damage.
Your headbutt misses the boulder beetle.
The boulder beetle is almost dead.
The hound bites you but does no damage. The boulder beetle bites you!!
You hit the boulder beetle but do no damage.
You headbutt the boulder beetle!
The boulder beetle is almost dead.
You block the hound's attack. The boulder beetle bites you!
You hit the boulder beetle but do no damage.
The boulder beetle is almost dead.
The hound bites you but does no damage. You block the hound's attack.
You completely miss the boulder beetle.
The boulder beetle is almost dead.
You block the boulder beetle's attack. The hound bites you.
You hit the boulder beetle but do no damage.
The boulder beetle is almost dead.
The hound bites you but does no damage. The boulder beetle bites you.
You block the hound's attack.
You hit the boulder beetle but do no damage.
The boulder beetle is almost dead.
The boulder beetle bites you!! You block the hound's attack.
You hit the boulder beetle but do no damage.
The boulder beetle is almost dead.
The hound barely misses you. You furiously retaliate!
You headbutt the hound. You block the boulder beetle's attack.
You hit the boulder beetle but do no damage.
You headbutt the boulder beetle, but do no damage.
The boulder beetle is almost dead.
You block the hound's attack. The boulder beetle bites you!!
* * * LOW HITPOINT WARNING * * *
You block the hound's attack.
You hit the boulder beetle but do no damage.
The boulder beetle is almost dead.
You block the hound's attack. The boulder beetle bites you!
You die...

###.## #.!... #.#...
#.##.# ###.##.#
...##.# ###
#.####.##.##.#...
#...B@........... ..
#..###h#####.#####.##
# ####).#... .##..#.
#..#..#.###.#.# . #
#..##...))....#...
###)##.#.#.##..#.#
#.).##.....# #..##
##.#####.#####.###
#.#####..)##.†#..#


You could see a boulder beetle and a hound.

Vanquished Creatures
  2 two-headed ogres
  Grinder (D:3)
  6 yaks
  Edmund (D:4)
  Menkaure (D:5)
  Pargi (Sewer)
  2 sky beasts
  2 ice beasts
  An ogre (D:5)
  A centaur (D:6)
  A phantom (D:6)
  Blork the orc (D:4)
  2 kobold brigands (D:7)
  A bullfrog (D:7)
  A gnoll sergeant (D:7)
  6 scorpions
  6 wights (D:7)
  A killer bee (D:6)
  2 electric eels (D:6)
  A hound (D:5)
  3 jellies
  An iguana (D:5)
  3 sleepcaps
  Jessica (D:3)
  5 orc wizards
  8 gnolls
  6 adders
  A river rat (D:6)
  2 shadow imps
  2 white imps
  2 worms
  A dart slug (D:1)
  20 orcs
  4 bats
  4 endoplasms
  3 giant cockroaches
  4 hobgoblins
  2 jackals (D:2)
  7 kobolds
  2 quokkas
  3 training dummies (D:6)
  12 ball pythons
  7 frilled lizards
  11 goblins
  5 rats
159 creatures vanquished.

Vanquished Creatures (others)
  An orc wizard (D:5)
1 creature vanquished.

Grand Total: 160 creatures vanquished

Notes
Turn   | Place    | Note
-------+----------+-------------------------------------------
     0 | D:1      | Peloso the Minotaur Fighter began the quest for the Orb.
     0 | D:1      | Reached XP level 1. HP: 19/19 MP: 0/0
   120 | D:1      | Reached XP level 2. HP: 24/27 MP: 1/1
  1033 | D:1      | Reached XP level 3. HP: 33/33 MP: 2/2
  1388 | D:2      | Reached skill level 3 in Long Blades
  1676 | D:3      | Found a glowing drain.
  1677 | D:3      | Noticed Grinder
  1732 | Sewer    | Entered a sewer
  1847 | Sewer    | Noticed Pargi
  1855 | Sewer    | Killed Pargi
  1856 | Sewer    | Reached skill level 4 in Long Blades
  1856 | Sewer    | Reached skill level 5 in Armour
  1856 | Sewer    | Reached XP level 4. HP: 31/41 MP: 3/3
  1856 | Sewer    | Reached XP level 5. HP: 35/47 MP: 4/4
  2029 | D:3      | Paralysed by Grinder for 3 turns
  2037 | D:3      | Killed Grinder
  2038 | D:3      | Reached skill level 5 in Long Blades
  2038 | D:3      | Reached XP level 6. HP: 11/53 MP: 5/5
  2251 | D:3      | Noticed Jessica
  2256 | D:3      | Killed Jessica
  2533 | D:3      | Found an opulent altar of Gozag.
  2640 | D:4      | Reached skill level 6 in Long Blades
  2817 | D:4      | Reached XP level 7. HP: 28/60 MP: 6/6
  2929 | D:4      | Noticed Edmund
  2946 | D:4      | Killed Edmund
  2947 | D:4      | Reached skill level 5 in Fighting
  2996 | D:4      | Found a broken altar of Ashenzari.
  3116 | D:4      | Noticed Blork the orc
  3124 | D:4      | Killed Blork the orc
  3125 | D:4      | Reached skill level 5 in Shields
  3236 | D:4      | Reached skill level 7 in Long Blades
  3374 | D:5      | Entered Level 5 of the Dungeon
  3507 | D:5      | Identified the +4 sling of the Invisible Xenops {drain,
                  | rPois}
  3645 | D:5      | Reached XP level 8. HP: 58/69 MP: 7/7
  3786 | D:5      | Noticed Menkaure
  3788 | D:5      | Killed Menkaure
  3827 | D:5      | Reached skill level 8 in Long Blades
  4205 | D:6      | Noticed a two-headed ogre
  4214 | D:6      | Killed a two-headed ogre
  4215 | D:6      | Reached skill level 9 in Long Blades
  4215 | D:6      | Reached XP level 9. HP: 23/78 MP: 8/8
  4467 | D:6      | Found a shimmering altar of Xom.
  4557 | D:6      | Reached skill level 10 in Long Blades
  5066 | D:6      | Found Giette's Firing Range.
  5901 | D:7      | Reached skill level 11 in Long Blades
  5913 | D:7      | Found a sparkling altar of Nemelex Xobeh.
  5936 | D:7      | Reached skill level 1 in Evocations
  6039 | D:7      | Noticed a two-headed ogre
  6048 | D:7      | Noticed a boulder beetle
  6050 | D:7      | Reached XP level 10. HP: 88/88 MP: 9/9
  6314 | D:7      | Killed a two-headed ogre
  6349 | D:7      | Reached skill level 12 in Long Blades
  6376 | D:7      | Identified the +3 ring mail of Nomy Vus {rF+++ Will++
                  | Regen+ Int-2}
  6448 | D:7      | Slain by a boulder beetle

Illustrated notes

Levels and vault maps discovered:
D:1:      shiori_shiawase, layout_basic, minmay_hexomino_f4
D:2:      layout_loops_ring
D:3:      layout_rooms, mainiacjoe_overflow_alcove_2,
          cheibrodos_sewer_entry_drain, uniq_jessica, uniq_grinder
D:4:      layout_cave_pools, ashenzari_altar_1, uniq_blork_the_orc, uniq_edmund
D:5:      layout_loops_cross, uniq_menkaure
D:6:      layout_cave_pools, mainiacjoe_overflow_24_doors, chequers_big_river,
          nicolae_shop_firing_range
D:7:      minmay_the_grid_square_5x5_3x3 [minmay_the_grid_square_5x5_tie,
          minmay_the_grid_square_5x5_two_small,
          minmay_the_grid_square_5x5_tetrominoes,
          minmay_the_grid_square_5x5_corner,
          minmay_the_grid_square_5x5_megaprize_diamond,
          minmay_the_grid_square_5x5_meh,
          minmay_the_grid_square_5x5_pentomino_r,
          minmay_the_grid_square_5x5_fat_x, minmay_the_grid_square_5x5_lines],
          layout_loops_cross, mainiacjoe_overflow_cross_hatched,
          nicolae_overflow_crystal_walls, temple_hall, kennysheep_generic_room_5

Skill      XL: |  1  2  3  4  5  6  7  8  9 10 |
---------------+-------------------------------+-----
Armour         | 4 5 6 7 8 9 |  9.0
Fighting       | 4 5 6 7 8 |  8.1
Shields        | 4 5 7 8 |  8.9
Long Blades    | 4 5 6 7 9 11 12 | 12.0
Evocations     | 1 |  1.0
Dodging        | |  0.6
Stealth        | |  0.3

Action                     |  1- 3 |  4- 6 |  7- 9 | 10-12 || total
---------------------------+-------+-------+-------+-------++-------
  Melee: Long sword        |   111 |    62 |   261 |    73 ||   507
         Headbutt          |    15 |     7 |    54 |    29 ||   105
  Evoke: Wand              |       |       |    10 |       ||    10
         Lightning rod     |       |       |       |     1 ||     1
    Use: Potion            |     5 |       |     1 |       ||     6
         Scroll            |     1 |     4 |     2 |     2 ||     9
 Armour: Scale mail        |    21 |       |       |       ||    21
         Plate armour      |    55 |    25 |    75 |     7 ||   162
         Ring mail         |       |       |       |     6 ||     6
  Dodge: Dodged            |    48 |    15 |    61 |    17 ||   141
  Block: Buckler           |    23 |    20 |    16 |       ||    59
         Kite shield       |       |       |   194 |    47 ||   241
         Reflection        |       |       |     6 |       ||     6
